 Dungeon Crawl Stone Soup version 0.23.2-1-ga50397a (webtiles) character file.

Game seed: 5456156941428712320

74 IBeShadow the Magician (level 4, -1/24 HPs)
             Began as a Deep Elf Fire Elementalist on May 31, 2019.
             Was an Initiate of Vehumet.
             Hit by a stone thrown by a hobgoblin (2 damage)
             ... on level 3 of the Dungeon.
             The game lasted 00:03:28 (1978 turns).

IBeShadow the Magician (Deep Elf Fire Elementalist) Turns: 1978, Time: 00:03:29

Health: -1/24      AC:  2    Str:  4 (5)  XL:     4   Next: 9%
Magic:  1/12       EV: 13    Int: 19 (21) God:    Vehumet [......]
Gold:   97         SH:  0    Dex: 13 (15) Spells: 8/11 levels left

rFire    . . .     SeeInvis .   (no weapon)
rCold    . . .     Gourm    .   (no shield)
rNeg     . . .     Faith    .   a - +0 robe
rPois    .         Spirit   .   (no helmet)
rElec    .         Reflect  .   (no cloak)
rCorr    .         Harm     .   (no gloves)
MR       .....                  (no boots)
Stlth    ++........             (no amulet)
HPRegen  0.08/turn              (no ring)
MPRegen  0.13/turn              (no ring)

@: no status effects
A: no striking features
a: Renounce Religion


You were on level 3 of the Dungeon.
You worshipped Vehumet.
Vehumet was noncommittal.
You were not hungry.

You visited 1 branch of the dungeon, and saw 3 of its levels.

You collected 97 gold pieces.

Inventory:

Armour
 a - a +0 robe (worn)
Scrolls
 d - a scroll of noise {unknown}
 e - a scroll of identify {unknown}
 i - 3 scrolls of enchant weapon {unknown}
 j - a scroll of teleportation {unknown}
Potions
 g - a potion of agility {unknown}
 h - a potion of curing {unknown}
Comestibles
 b - 2 chunks of flesh
 c - 3 rations


   Skills:
 + Level 3.1 Dodging
 + Level 2.8 Stealth
 + Level 4.2 Spellcasting
 + Level 1.7 Conjurations
 + Level 4.0 Fire Magic


You had 8 spell levels left.
You knew the following spells:

 Your Spells              Type           Power        Failure   Level  Hunger
a - Flame Tongue          Conj/Fire      ##...        4%          1    None
b - Throw Flame           Conj/Fire      ##....       6%          2    #......

Your spell library contained the following spells:

 Spells                   Type           Power        Failure   Level  Hunger
 Conjure Flame            Conj/Fire      ##......     12%         3    ###....
 Inner Flame              Hex/Fire       ##......     17%         3    ###....
 Sticky Flame             Conj/Fire      ##......     38%         4    ####...
 Fireball                 Conj/Fire      ##........   75%         5    ######.


Dungeon Overview and Level Annotations

Branches:
Dungeon (3/15)

Altars:
Fedhas
Vehumet


Message History

The hobgoblin throws a stone.
The stone hits you but does no damage.
You see here a stone.
The hobgoblin throws a stone.
The stone barely misses you.
You see here a stone.
You see here a worm corpse.
The hobgoblin throws a stone.
The stone hits you.
* * * LOW HITPOINT WARNING * * *
You see here a stone.
A rat comes into view.
The hobgoblin throws a stone.
The stone hits you.
* * * LOW HITPOINT WARNING * * *
The rat moves out of view.
You see here a stone.
The hobgoblin throws a stone.
The stone closely misses you.
The hobgoblin throws a stone.
The stone misses you.
It was a potion of degeneration.
There was something very wrong with that liquid.
You feel weakened.
You feel dopey.
You feel clumsy.
The hobgoblin throws a stone.
The stone hits you.
You die...

#..........##.#.#######
#.##.........(g...(....
#.##.#......#.#(#######
#.##.#.#.####.#†#
#÷.#+#.#... #.#.###
#............#.#(..#
#......#######.#(..#
#......+ ..#...#
#..<...# ###@(.#
#......# #...# #......#
#...# #......# #...#
#...# ..###...##
.......÷%#
............#
............#


You could see a hobgoblin.

Vanquished Creatures
  3 adders (D:3)
  A worm (D:3)
  2 leopard geckos (D:1)
  5 bats
  A giant cockroach (D:2)
  4 goblins
  8 hobgoblins
  3 jackals (D:1)
  3 kobolds (D:1)
  2 quokkas (D:2)
  A frilled lizard (D:1)
  5 rats
38 creatures vanquished.

Notes
Turn   | Place    | Note
-------+----------+-------------------------------------------
     0 | D:1      | IBeShadow the Deep Elf Fire Elementalist began the quest
                  | for the Orb.
     0 | D:1      | Reached XP level 1. HP: 10/10 MP: 6/6
   227 | D:1      | Reached XP level 2. HP: 13/15 MP: 6/8
   965 | D:2      | Learned a level 2 spell: Throw Flame
   982 | D:2      | Reached XP level 3. HP: 19/19 MP: 5/9
  1236 | D:2      | Found a radiant altar of Vehumet.
  1246 | D:2      | Became a worshipper of Vehumet
  1484 | D:2      | Found a blossoming altar of Fedhas.
  1927 | D:3      | Reached XP level 4. HP: 22/24 MP: 2/12
  1975 | D:3      | HP: 1/24 [hobgoblin/stone (2)]
  1978 | D:3      | Hit by a stone thrown by a hobgoblin

Skill      XL: |  1  2  3 |
---------------+----------+-----
Dodging        | 3 |  3.1
Fire Magic     | 4 |  4.0
Spellcasting   | 4 |  4.2
Stealth        | |  2.8
Conjurations   | |  1.7

Action                   |  1- 3 |  4- 6 || total
-------------------------+-------+-------++-------
Melee: Unarmed           |     8 |     7 ||    15
 Cast: Flame Tongue      |    59 |     8 ||    67
  Use: Potion            |       |     1 ||     1
  Eat: Chunk             |     3 |       ||     3
Armor: Robe              |     6 |       ||     6
Dodge: Dodged            |    28 |    11 ||    39
